 Dungeon Crawl Stone Soup version 0.25-a0-1137-g7f6bfe439b (webtiles) character file.

Game seed: 4527635437304689531, levelgen mode: deterministic

555 vurker the Insei (level 7, -1/57 HPs)
             Began as a Pale Draconian Transmuter on May 23, 2020.
             Slain by Menkaure (12 damage)
             ... on level 5 of the Dungeon.
             The game lasted 00:11:57 (7031 turns).

vurker the Insei (Pale Draconian Transmuter)        Turns: 7031, Time: 00:11:57

Health: -1/57      AC:  6    Str: 12    XL:     7   Next: 8%
Magic:  11/11      EV: 13    Int: 14    God:
Gold:   217        SH:  0    Dex: 13    Spells: 9/12 levels left

rFire    . . .     SeeInvis .     - Unarmed
rCold    . . .     Gourm    .   (no shield)
rNeg     . . .     Faith    .   (armour unavailable)
rPois    .         Spirit   .   (helmet restricted)
rElec    .         Reflect  .   (no cloak)
rCorr    .         Harm     .   (no gloves)
MR       +....                  (boots currently unavailable)
Stlth    +.........             (no amulet)
HPRegen  0.19/turn              h - ring of protection from magic
MPRegen  0.12/turn              (no ring)

@: mighty, appendage
A: breathe steam, unfitting armour, talons 3, cold-blooded, AC +6
a: Breathe Steam, End Transformation


You were on level 5 of the Dungeon.
You were not hungry.
You had grown temporary talons.
You visited 2 branches of the dungeon, and saw 6 of its levels.

You collected 217 gold pieces.

Inventory:

Missiles
 a - 104 arrows
Jewellery
 h - a ring of protection from magic (left hand)
   (You found it on level 1 of the Dungeon)
 r - an uncursed ring of ice
   (You found it on level 5 of the Dungeon)
Wands
 v - a wand of digging (1)
   (You took it off Ijyb on level 4 of the Dungeon)
Scrolls
 g - 3 scrolls of identify
 i - 3 scrolls of remove curse
 j - a scroll of blinking {unknown}
 k - a scroll of random uselessness {unknown}
 m - a scroll of magic mapping {unknown}
 n - 2 scrolls of enchant weapon {unknown}
 o - a scroll of immolation {unknown}
 p - 2 scrolls of fear
Potions
 b - 3 potions of flight
 d - 3 potions of haste
 q - 2 potions of lignification
Comestibles
 e - 11 rations
 l - a chunk of flesh


   Skills:
 + Level 3.1 Fighting
 + Level 3.0 Dodging
 * Level 5.1 Unarmed Combat
 + Level 3.1 Spellcasting
 * Level 4.3 Transmutations


You had 9 spell levels left.
You knew the following spells:

 Your Spells              Type           Power        Failure   Level  Hunger
a - Beastly Appendage     Tmut           ##....       3%          1    #......
q - Sticks to Snakes      Tmut           ##......     5%          2    ##.....

Your spell library contained the following spells:

 Spells                   Type           Power        Failure   Level  Hunger
 Spider Form              Tmut/Pois      #.........   26%         3    ###....
 Ice Form                 Ice/Tmut       #.......     65%         4    #####..
 Blade Hands              Tmut           ##........   69%         5    ######.


Dungeon Overview and Level Annotations

Branches:
Dungeon (5/15)             Temple (1/1) D:4

Altars:
Ashenzari
Cheibriados
Dithmenos
Elyvilon
Fedhas
Gozag
Hepliaklqana
Kikubaaqudgha
Nemelex Xobeh
Okawaru
Qazlal
Ru
Sif Muna
Trog
Uskayaw
Vehumet
Xom
Yredelemnul
Zin
The Shining One

Shops:
D:5 [

Annotations:
D:3 2 runed translucent doors, vurker's ghost, amateur VSAs
D:5 Menkaure


Innate Abilities, Weirdness & Mutations

You can breathe blasts of scalding, opaque steam.
Your pale cyan-grey scales are hard. (AC +6)
You cannot fit into any form of body armour.
You are cold-blooded and may be slowed by cold attacks.
You have claws for feet.


Message History

No target in view!
Unknown command.
The orc is too close now for your liking.
The orc barely misses you.
You hit the orc. You tail-slap the orc. The orc hits you but does no damage.
You hit the orc.
You kill the orc!
No target in view!
No target in view!
Things that are here:
a +0 club; an orc corpse You butcher the orc corpse.
l - 2 chunks of flesh
Things that are here:
a +0 club; an orc skeleton
Things that are here:
a +0 club; an orc skeleton Eating one of 2 chunks of flesh.
You eat one of the 2 chunks of flesh.
There is a stone staircase leading up here.
You see here 4 poisoned darts.
Found a potion of haste.
d - 3 potions of haste (gained 1)
Found an escape hatch in the floor.
There is an escape hatch in the floor here.
Found a stone staircase leading down.
Found a club.
There is a stone staircase leading down here.
Menkaure is too close now for your liking.
Menkaure is nearby!
Menkaure shouts!
Your feet morph into talons.
Menkaure gestures wildly while chanting.
Menkaure seems to speed up.
You hit Menkaure but do no damage. You claw Menkaure. You punch Menkaure.
Menkaure closely misses you.
You hit Menkaure but do no damage. Menkaure closely misses you.
You hit Menkaure. You claw Menkaure. You punch Menkaure, but do no damage.
Menkaure hits you.
You hit Menkaure but do no damage. Menkaure hits you!!
Menkaure calls on the powers of darkness!
Your body is wracked with pain!
* * * LOW HITPOINT WARNING * * *
Okay, then.
You hit Menkaure but do no damage. You claw Menkaure, but do no damage.
You punch Menkaure, but do no damage. Menkaure hits you!
* * * LOW HITPOINT WARNING * * *
You feel better. Menkaure hits you but does no damage.
You feel very mighty all of a sudden. Menkaure hits you!
You die...

#.#.. #.# #.#..
#.# #.#.. #.#
#.#.# #.# #.#.#
#.# #.#.# #.#
#.... #M# ..#
#...# #@# .# #.#
#...# #.##.# #.#
#...# #.##)# #.#
#.... #.##.# ...
#..##
#.##.#####.# #..#
#.##.....#.# #..#
#.##.....#.###..
#............#..#
####.....#.#>#..#


You could see Menkaure (fast).

Vanquished Creatures
  An ogre (D:4)
  Blork the orc (D:5)
  3 hounds
  An orc priest (D:4)
  Terence (D:3)
  Ijyb (D:4)
  3 worker ants
  5 adders
  An ooze (D:1)
  3 worms (D:2)
  2 dart slugs
  19 orcs
  7 bats
  2 giant cockroaches
  12 hobgoblins
  4 jackals (D:2)
  3 quokkas
  4 frilled lizards
  3 goblins
  9 kobolds
  9 rats
  A bush (D:2)
95 creatures vanquished.

Notes
Turn   | Place    | Note
-------+----------+-------------------------------------------
     0 | D:1      | vurker the Draconian Transmuter began the quest for the
                  | Orb.
     0 | D:1      | Reached XP level 1. HP: 16/16 MP: 3/3
     2 | D:1      | Noticed a draconian
     2 | D:1      | Noticed a ghoul
     4 | D:1      | Noticed a felid
     6 | D:1      | Noticed a halfling
     6 | D:1      | Noticed a gargoyle
     8 | D:1      | Noticed a demigod
    10 | D:1      | Noticed an ogre
    12 | D:1      | Noticed a human
    14 | D:1      | Noticed a spriggan
    14 | D:1      | Noticed an elf
    16 | D:1      | Noticed a tengu
    16 | D:1      | Noticed a naga
    18 | D:1      | Noticed a dwarf
    18 | D:1      | Noticed a vine stalker
    20 | D:1      | Noticed a troll
    20 | D:1      | Noticed a demonspawn
    22 | D:1      | Noticed a vampire
    22 | D:1      | Noticed a merfolk
    24 | D:1      | Noticed a centaur
    24 | D:1      | Noticed a minotaur
    26 | D:1      | Noticed a formicid
    26 | D:1      | Noticed an octopode
    49 | D:1      | Reached XP level 2. HP: 19/23 MP: 5/5
  1233 | D:1      | Reached XP level 3. HP: 21/28 MP: 6/6
  1439 | D:2      | Learned a level 2 spell: Sticks to Snakes
  1488 | D:2      | Reached XP level 4. HP: 25/36 MP: 7/7
  1674 | D:2      | Found a shattered altar of Ashenzari.
  1711 | D:2      | Found a radiant altar of Vehumet.
  1713 | D:2      | Found a blossoming altar of Fedhas.
  1867 | D:2      | Found a glowing golden altar of the Shining One.
  2250 | D:2      | Found a hazy altar of Hepliaklqana.
  2611 | D:3      | Found a runed translucent door.
  2860 | D:3      | Noticed Terence
  2912 | D:3      | HP: 1/36 [Terence/+0 flail (1)]
  3263 | D:3      | Noticed a bullfrog
  3263 | D:3      | Noticed vurker's ghost (amateur VSAs)
  3284 | D:3      | Found a runed translucent door.
  3516 | D:3      | Found a white marble altar of Elyvilon.
  3534 | D:3      | Reached skill level 4 in Unarmed Combat
  3534 | D:3      | Reached XP level 5. HP: 39/41 MP: 6/8
  3741 | D:3      | Killed Terence
  3946 | D:3      | Found a white marble altar of Elyvilon.
  4009 | D:3      | Found a runed translucent door.
  4116 | D:4      | Found a staircase to the Ecumenical Temple.
  4127 | Temple   | Entered the Ecumenical Temple
  4690 | D:4      | Noticed Ijyb
  4781 | D:4      | Killed Ijyb
  4970 | D:4      | Found a stormy altar of Qazlal.
  5039 | D:4      | Noticed an ogre
  5047 | D:4      | Killed an ogre
  5047 | D:4      | Reached XP level 6. HP: 40/50 MP: 7/10
  5251 | D:5      | Entered Level 5 of the Dungeon
  5291 | D:5      | Noticed Menkaure
  5575 | D:5      | Noticed Blork the orc
  5584 | D:5      | Killed Blork the orc
  5868 | D:5      | Found Utuss's Armour Emporium.
  6338 | D:4      | Reached skill level 5 in Unarmed Combat
  6514 | D:5      | Your scales start taking on a pale cyan-grey colour.
  6514 | D:5      | Reached XP level 7. HP: 54/57 MP: 11/11
  7031 | D:5      | Slain by Menkaure

Illustrated notes

Levels and vault maps discovered:
D:1:      kb_arrival_jail, layout_rooms, due_unseen_surprise
D:2:      cheibrodos_old_hovel, layout_basic,
          gammafunk_temple_overflow_forgotten, overflow_temple_1_default,
          tso_altar
D:3:      layout_basic, nicolae_overflow_crystal_walls, serial_curves,
          eino_curves_03, eino_curves_02, eino_curves_02, eino_curves_03,
          ebering_ghost_sewer_f, uniq_terence
D:4:      layout_basic, grunt_qazlal_clouds, minmay_temple_entry_arrows,
          first_ration, hangedman_feature_mirror, chequers_serial_rivers_room_a,
          minmay_misc_feat_diagonals, uniq_ijyb
D:5:      layout_basic, serial_shops, nicolae_shop_behind_doors,
          nicolae_underground_beach, uniq_blork_the_orc, uniq_menkaure
Temple:   eino_narrow_crystal_temple

Skill      XL: |  1  2  3  4  5  6 |
---------------+-------------------+-----
Dodging        | 2 3 |  3.0
Fighting       | 2 3 |  3.1
Transmutations | 3 4 |  4.3
Unarmed Combat | 4 5 |  5.1
Spellcasting   | 3 |  3.1

Action                   |  1- 3 |  4- 6 |  7- 9 || total
-------------------------+-------+-------+-------++-------
Melee: Unarmed           |   128 |   575 |    16 ||   719
       Kick              |     6 |    11 |     3 ||    20
       Tailslap          |    13 |    75 |     2 ||    90
       Headbutt          |     2 |    14 |       ||    16
       Punch             |     1 |     6 |     3 ||    10
 Cast: Beastly Appendage |     7 |    14 |     1 ||    22
  Use: Scroll            |     3 |     4 |       ||     7
       Potion            |       |     6 |     2 ||     8
 Stab: Sleeping          |     1 |     2 |       ||     3
  Eat: Chunk             |     2 |    14 |     1 ||    17
       Ration            |       |     1 |       ||     1
Armor: Skin              |    37 |    88 |     3 ||   128
Dodge: Dodged            |    92 |   222 |     8 ||   322

Table legend:
 A = Non-vault XP
 B = Vault XP
 C = Vault XP percentage of total XP
 D = Non-vault monster count
 E = Vault monster count
 F = Vault count percentage of total count
                 A         B        C        D         E       F
            +---------+---------+-------+---------+---------+-------
      Total |     625 |     169 |  21.3 |      88 |       6 |   6.4
            +---------+---------+-------+---------+---------+-------
        D:1 |      55 |       0 |   0.0 |      23 |       0 |   0.0
        D:2 |      78 |       2 |   2.5 |      25 |       1 |   3.8
        D:3 |      70 |      38 |  35.2 |      25 |       1 |   3.8
        D:4 |     249 |      42 |  14.4 |       6 |       3 |  33.3
        D:5 |     173 |      87 |  33.5 |       9 |       1 |  10.0
            +---------+---------+-------+---------+---------+-------
